AoeStats
← jasonpanex

Arena

509903102Analyzed
4v4 RM · 4d ago on Sep 28, 2026· 48m 59s· 8 players
Game mode
Random Map
Map size
Large (8 player)
Population
200
Speed
Normal
Resources
Standard
Victory
Conquest
Starting age
Dark Age
Ending age
Imperial Age
RankedLock teamsTeams togetherTeam positionsShared explorationLock speedFull tech treeHidden civsTurbo modeCheats
Victory
Defeat
🇹🇼 Vietnamese · Taiwan
1119
+13
🇹🇼 Italians · Taiwan
1089
+14
🇭🇰 Japanese · Hong Kong SAR China
1052
+15
🇹🇼 Mongols · Taiwan
1026
+16
🇨🇴 Persians · Colombia
1122
-18
🇨🇴 Khmer · Colombia
1116
-18
🇨🇴 Celts · Colombia
976
-12
🇺🇸 Danes · United States
936
-10
Fruit
10:12 Feudal Age
16:02 Castle Age
14:41 Double-Bit Axe
14:37 Horse Collar
17:48 Bow Saw
18:02 Heavy Plow
24:32 Stone Mining
25:03 Gold Mining
25:49 Stone Shaft Mining
31:52 Imperial Age
29:58 Wheelbarrow
29:57 Forging
29:47 Scale Mail Armor
29:47 Padded Archer Armor
29:37 Fletching
29:15 Pikeman
30:02 Elite Skirmisher
30:54 Thumb Ring
32:12 Iron Casting
31:52 Chain Mail Armor
33:30 Hand Cart
33:15 Bodkin Arrow
33:35 Leather Archer Armor
33:54 Paper Money
32:57 Imperial Skirmisher
33:33 Halberdier
34:13 Squires
33:59 Arson
37:06 Chemistry
36:16 Fortified Wall
36:02 Murder Holes
39:08 Bracer
39:39 Plate Mail Armor
39:39 Ring Archer Armor
40:54 Two-Man Saw
40:27 Crop Rotation
40:07 Elite Fire Lancer
42:00 Treadmill Crane
minH0W
11:21 Feudal Age
15:01 Castle Age
13:12 Double-Bit Axe
14:06 Loom
14:34 Horse Collar
23:39 Bow Saw
23:33 Heavy Plow
24:27 Gold Mining
25:35 Wheelbarrow
27:36 Hand Cart
28:17 Gold Shaft Mining
28:41 Fletching
31:32 Imperial Age
29:50 Masonry
29:36 Murder Holes
30:02 Ballistics
29:52 Fortified Wall
29:37 Pikeman
29:39 Light Cavalry
30:23 Bodkin Arrow
30:29 Scale Mail Armor
30:39 Forging
30:25 Town Watch
31:16 Scale Barding Armor
31:24 Bloodlines
31:31 Stone Mining
31:50 Squires
32:02 Onager
33:18 Conscription
33:27 Heavy Cavalry Archer
34:29 Husbandry
34:36 Bracer
34:36 Hussar
36:41 Chemistry
36:27 Parthian Tactics
36:09 Padded Archer Armor
42:53 Elite Mangudai
46:51 Chain Barding Armor
46:47 Chain Mail Armor
47:07 Iron Casting
46:52 Elite Skirmisher
jasonpanex
7:41 Loom
9:27 Feudal Age
11:31 Double-Bit Axe
11:29 Horse Collar
12:40 Fletching
20:14 Castle Age
21:01 Town Watch
21:36 Bow Saw
21:43 Bodkin Arrow
21:58 Guard Tower
22:54 Ballistics
25:14 Heavy Plow
26:10 Gold Mining
30:09 Wheelbarrow
29:40 Stone Mining
31:01 Fortified Wall
34:53 Imperial Age
32:59 Man-at-Arms
35:11 Wheelbarrow
36:43 Chemistry
36:02 Bloodlines
35:52 Husbandry
35:13 Light Cavalry
38:16 Two-Man Saw
39:10 Conscription
40:54 Crop Rotation
43:00 Hussar
44:04 Scale Barding Armor
44:09 Forging
44:01 Scale Mail Armor
44:04 Padded Archer Armor
47:01 Iron Casting
47:16 Chain Barding Armor
47:53 Pirotechnia
50:05 Blast Furnace
169198821
10:48 Feudal Age
11:26 Horse Collar
17:23 Castle Age
15:53 Double-Bit Axe
19:29 Heavy Plow
20:50 Loom
24:59 Wheelbarrow
27:05 Bow Saw
27:37 Gold Mining
27:37 Stone Mining
30:53 Imperial Age
28:50 Pikeman
29:31 Squires
29:16 Arson
29:33 Fletching
30:17 Bodkin Arrow
30:33 Forging
30:23 Scale Mail Armor
32:01 Hand Cart
32:28 Iron Casting
32:08 Chain Mail Armor
31:54 Bracer
32:02 Yasama
31:35 Elite Skirmisher
31:53 Halberdier
32:39 Guard Tower
32:30 Treadmill Crane
33:11 Ballistics
34:18 Blast Furnace
33:49 Plate Mail Armor
34:48 Two-Man Saw
35:05 Keep
35:32 Chemistry
34:18 Arrowslits
34:35 Arrowslits
34:47 Murder Holes
35:37 Masonry
35:35 Siege Engineers
35:20 Imperial Skirmisher
36:26 Fortified Wall
37:03 Town Watch
38:32 Kataparuto
38:33 Conscription
39:40 Conscription
39:56 Hoardings
39:10 Capped Ram
CHOCORRAMERO
10:37 Feudal Age
16:57 Castle Age
15:10 Double-Bit Axe
16:29 Horse Collar
16:43 Stone Mining
18:34 Gold Mining
19:58 Wheelbarrow
20:41 Bow Saw
20:05 Elite Skirmisher
23:51 Forging
24:59 Arson
25:15 Squires
25:35 Scale Mail Armor
26:59 Iron Casting
27:40 Gold Shaft Mining
28:38 Chain Mail Armor
30:23 Heavy Plow
33:47 Hamask
34:46 Hand Cart
37:04 Imperial Age
36:07 Town Watch
37:25 Elite Jomsviking
41:20 Chemistry
40:41 Ballistics
41:03 Siege Engineers
43:06 Elite Varangian Guard
44:31 Stone Shaft Mining
43:31 Onager
Ctrl Gio
10:38 Feudal Age
13:40 Castle Age
12:31 Loom
12:52 Double-Bit Axe
18:05 Horse Collar
19:06 Town Watch
19:23 Gold Mining
20:44 Bloodlines
23:36 Scale Barding Armor
27:23 Gold Shaft Mining
34:59 Imperial Age
36:39 Conscription
36:16 Stone Mining
37:08 Forging
37:12 Heavy Plow
38:28 Double Crossbow
39:30 Husbandry
40:37 Chemistry
39:26 Light Cavalry
40:30 Hussar
leonor22
2:56 Loom
10:37 Feudal Age
17:20 Castle Age
16:15 Double-Bit Axe
18:58 Gold Mining
25:56 Horse Collar
31:14 Imperial Age
28:41 Town Watch
29:58 Heavy Plow
31:19 Wheelbarrow
31:51 Forging
31:42 Scale Mail Armor
34:29 Iron Casting
41:58 Chain Mail Armor
43:05 Gold Shaft Mining
AndGio1
5:56 Loom
9:55 Feudal Age
14:41 Castle Age
12:56 Double-Bit Axe
13:28 Horse Collar
14:33 Loom
24:53 Wheelbarrow
26:53 Heavy Plow
28:09 Scale Barding Armor
30:36 Imperial Age
28:18 Forging
28:51 Gold Mining
30:02 Chain Barding Armor
30:18 Iron Casting
29:49 Husbandry
30:04 Bloodlines
30:18 Hand Cart
31:09 Bow Saw
31:35 Town Watch
32:42 Plate Barding Armor
33:17 Blast Furnace
32:03 Cavalier
33:52 Savar
35:51 Light Cavalry
37:03 Hussar
37:13 Elite Skirmisher
39:19 Conscription
39:39 Padded Archer Armor
44:10 Fletching
47:58 Crop Rotation
49:49 Ballistics
Connection lost

Rejoining the realm…

Still unreachable

The connection could not be restored.

Session expired

The server has moved on; the page needs a fresh start.